 Dungeon Crawl Stone Soup version 0.29.1-4-g47bece8355 (webtiles) character file.

Game seed: 13784709084405871929

2 sanboga the Caller (level 1, 0/10 HPs)
             Began as a Tengu Summoner on Dec 8, 2022.
             Slain by a jackal (2 damage)
             ... on level 1 of the Dungeon.
             The game lasted 00:00:47 (253 turns).

sanboga the Caller (Tengu Summoner)                  Turns: 253, Time: 00:00:48

Health: 0/10       AC:  2    Str:  8    XL:     1   Next: 40%
Magic:  3/4        EV: 12    Int: 15    God:
Gold:   4          SH:  0    Dex: 14    Spells: 3/4 levels left

rFire   . . .      SeeInvis .   d - +0 dagger
rCold   . . .      Faith    .   (no shield)
rNeg    . . .      Spirit   .   a - +0 robe
rPois   .          Reflect  .   (helmet restricted)
rElec   .          Harm     .   (no cloak)
rCorr   .          Rampage  .   (no gloves)
Will    .....                   (boots unavailable)
Stlth   ++........              (no amulet)
HPRegen 0.03/turn               (no ring)
MPRegen 0.09/turn               (no ring)

@: no status effects
A: beak, talons 3
a: no special abilities


You were on level 1 of the Dungeon.
You visited 1 branch of the dungeon, and saw 1 of its levels.

You collected 4 gold pieces.

Inventory:

Hand Weapons
 d - a +0 dagger (weapon)
Armour
 a - a +0 robe (worn)
Scrolls
 c - a scroll of brand weapon {unknown}
Potions
 b - a potion of magic
 e - a potion of haste {unknown}


   Skills:
 - Level 2.1 Dodging
 - Level 2.0 Stealth
 + Level 2.0 Spellcasting
 * Level 4.9 Summonings


You had 3 spell levels left.
You knew the following spells:

 Your Spells              Type           Power      Damage    Failure   Level
a - Summon Small Mammal   Summ           64%        N/A       2%          1

Your spell library contained the following spells:

 Spells                   Type           Power      Damage    Failure   Level
 Call Imp                 Summ           16%        N/A       4%          2
 Call Canine Familiar     Summ           16%        N/A       9%          3
 Summon Guardian Golem    Hex/Summ       9%         N/A       24%         3
 Summon Lightning Spire   Summ/Air       9%         N/A       61%         4


Dungeon Overview and Level Annotations

Branches:
Dungeon (1/15)

Altars:


Innate Abilities, Weirdness & Mutations

You have a beak for a mouth.
You have claws for feet.


Message History

The jackal is lightly wounded.
Your bat closely misses the jackal.
Your bat hits the jackal but does no damage.
The jackal bites your bat. The jackal misses your bat.
The jackal misses you. x2
The jackal misses your bat.
Your bat closely misses the jackal.
You hit the jackal but do no damage.
The jackal is lightly wounded.
Your bat hits the jackal but does no damage. x2
Your bat barely misses the jackal.
Your bat hits the jackal. The jackal bites you.
Your bat misses the jackal. You hit the jackal but do no damage.
Your kick misses the jackal. Your peck misses the jackal.
The jackal is lightly wounded.
Your bat closely misses the jackal.
Your bat hits the jackal but does no damage. x2
The jackal closely misses your bat. The jackal bites you.
Your bat barely misses the jackal.
You closely miss the jackal. Your kick misses the jackal.
Your peck misses the jackal.
The jackal is lightly wounded.
Your bat hits the jackal. The jackal misses your bat. The jackal bites you.
* * * LOW HITPOINT WARNING * * *
Your bat closely misses the jackal.
The jackal closely misses your bat.
Your bat hits the jackal but does no damage.
Your bat hits the jackal. Your bat hits the jackal. Your bat misses the jackal.
The jackal bites you.
* * * LOW HITPOINT WARNING * * *
The jackal misses your bat.
Your bat barely misses the jackal.
Your bat hits the jackal but does no damage.
The jackal attacks as you move away!
The jackal bites you but does no damage.
Your bat hits the jackal but does no damage. x2
The jackal completely misses your bat. The jackal barely misses your bat.
Your bat barely misses the jackal.
Your bat closely misses the jackal.
The jackal bites your bat.
The jackal bites your bat but does no damage.
The jackal barely misses you.
Your bat hits the jackal but does no damage. x2
The jackal attacks as you move away! The jackal bites you.
You die...

..... ....# #.# #
..... ♣...# #.#
#.#...♣ ♣...# #.#
#.#..h♣ ♣...# #.#
#...#h♣ ♣...# #.#
#.$..b♣ ♣.#.###.#
#.h♣♣♣♣♣....##.#
#.hb.♣♣.....##.#
#.#@...........#
#.................#
##.#.#.#.#.....[.##
..........##...###
######.....##...#
...........##
##.....#####
#.....#


You could see 4 jackals and 2 friendly bats.

Vanquished Creatures
  An endoplasm (D:1)
  A frilled lizard (D:1)
  A rat (D:1)
3 creatures vanquished.

Notes
Turn   | Place    | Note
-------+----------+-------------------------------------------
     0 | D:1      | sanboga the Tengu Summoner began the quest for the Orb.
     0 | D:1      | Reached XP level 1. HP: 10/10 MP: 4/4
   253 | D:1      | Slain by a jackal

Illustrated notes

Levels and vault maps discovered:
D:1:      dpeg_arrival_ternary, layout_loops_ring, hex_tiny, nrook_campfire

Action                   || total
-------------------------++-------
Melee: Dagger            ||    13
       Kick              ||     3
       Peck              ||     1
 Cast: Summon Small Mamm ||     4
Armor: Robe              ||     1
Dodge: Dodged            ||     7
